 Dungeon Crawl Stone Soup version 0.28.0-53-g5a82cb258f (webtiles) character file.

Game seed: 12570203165677268428

34864 Tirrikindir the Grappler (level 13, -8/130 HPs)
             Began as a Troll Fighter on Aug 5, 2022.
             Was the Champion of the Shining One.
             Mangled by Rupert
             ... wielding a +1 vorpal battleaxe
              (28 damage)
             ... on level 12 of the Dungeon.
             The game lasted 00:51:36 (11144 turns).

Tirrikindir the Grappler (Troll Fighter)           Turns: 11144, Time: 00:51:37

Health: -8/130     AC: 12    Str: 27    XL:     13   Next: 44%
Magic:  17/17      EV: 11    Int:  4    God:    the Shining One [******]
Gold:   935        SH: 15    Dex: 13    Spells: 12/12 levels left

rFire   + . .      SeeInvis .     - Unarmed
rCold   + . .      Faith    .   b - +0 kite shield
rNeg    + + +      Spirit   .   c - +1 troll leather armour {Pargi}
rPois   .          Reflect  +   (helmet restricted)
rElec   .          Harm     .   k - scarf {rC+ rF+}
rCorr   .          Rampage  .   (gloves unavailable)
Will    .....                   (boots unavailable)
Stlth   +.........              I - amulet of reflection
HPRegen 1.91/turn               i - +4 ring of protection
MPRegen 0.15/turn               K - ring of positive energy

@: mighty, glowing
A: large, unfitting armour, claws 3, regeneration 1, shaggy fur 1, tough skin 1
a: Renounce Religion, Divine Shield, Cleansing Flame, Summon Divine Warrior,
Brand Weapon With Holy Wrath


You were on level 12 of the Dungeon.
You worshipped the Shining One.
The Shining One was exalted by your worship.
You visited 2 branches of the dungeon, and saw 13 of its levels.
You also visited: Ossuary and Bailey.

You collected 935 gold pieces.

Inventory:

Hand Weapons
 L - a +3 flail of flaming
Missiles
 f - 14 boomerangs
 h - 12 poisoned darts (quivered)
 Z - 24 large rocks
Armour
 b - a +0 kite shield (worn)
 c - a +1 troll leather armour (worn) {Pargi}
 k - a scarf of resistance (worn)
 A - +0 acid dragon scales
Jewellery
 e - a ring of protection from fire
 i - a +4 ring of protection (left claw)
 l - a ring of ice
 w - a ring of see invisible
 y - an amulet of guardian spirit
 H - a +6 ring of intelligence
 I - an amulet of reflection (around neck)
 K - a ring of positive energy (right claw)
 O - an amulet of faith
 P - an amulet of regeneration
 T - a ring of flight
 X - a ring of resist corrosion
Wands
 a - a wand of flame (18)
 j - a wand of iceblast (2)
 m - a wand of acid (5)
 t - a wand of mindburst (9)
 B - a wand of digging (3)
 J - a wand of polymorph (15)
 N - a wand of charming (6)
 V - a wand of paralysis (8)
Scrolls
 q - a scroll of silence
 r - a scroll of summoning
 u - 2 scrolls of fog
 v - 2 scrolls of holy word
 x - a scroll of amnesia
 E - 4 scrolls of teleportation
 G - 2 scrolls of immolation
 M - a scroll of enchant armour
 S - a scroll of blinking
 Y - a scroll of enchant weapon {unknown}
Potions
 d - 6 potions of invisibility
 n - 7 potions of curing
 o - a potion of haste
 s - a potion of brilliance
 z - 2 potions of magic
 C - 4 potions of heal wounds {unknown}
 D - 3 potions of attraction {unknown}
 F - 5 potions of flight
 R - 2 potions of mutation {unknown}
Miscellaneous
 U - a phantom mirror (inert)
 W - a box of beasts


   Skills:
 * Level 8.8 Fighting
 - Level 2.0 Throwing
 + Level 6.0 Armour
 * Level 7.5 Dodging
 - Level 0.5 Stealth
 * Level 7.5 Shields
 * Level 12.3 Unarmed Combat
 + Level 7.0 Invocations
 + Level 5.1 Evocations


You had 12 spell levels left.
You didn't know any spells.
Your spell library contained the following spells:

 Spells                   Type           Power      Damage    Failure   Level
 Magic Dart               Conj           0%         1d3       78%         1
 Shock                    Conj/Air       0%         1d3       78%         1
 Call Imp                 Summ           0%         N/A       89%         2
 Mephitic Cloud           Conj/Pois/Air  0%         N/A       98%         3
 Ozocubu's Armour         Ice            0%         N/A       98%         3
 Swiftness                Air            0%         N/A       98%         3
 Airstrike                Air            0%         N/A       100%        4
 Ozocubu's Refrigeration  Ice            0%         4d5       100%        7


Dungeon Overview and Level Annotations

Branches:
Dungeon (12/15)            Temple (1/1) D:6            Lair (0/6) D:8
    Orc (0/2) D:9         Ossuary (visited)          Bailey (visited)

Altars:
Ashenzari
Cheibriados
Dithmenos
Elyvilon
Fedhas
Gozag
Hepliaklqana
Kikubaaqudgha
Makhleb
Nemelex Xobeh
Okawaru
Qazlal
Ru
Sif Muna
Trog
Uskayaw
Vehumet
Wu Jian
Xom
Yredelemnul
Zin
The Shining One

Shops:
D:2 =

Annotations:
D:6 3 runed translucent doors, turdburglar's ghost, novice HuFi
D:12 Rupert


Innate Abilities, Weirdness & Mutations

You are too large for most types of armour.
You have claws for hands.
Your natural rate of healing is unusually fast.
You are covered in fur. (AC +1)
You have tough skin. (AC +1)


Message History

Rupert hits Rupert with a +1 vorpal battleaxe!!
You barely miss Rupert.
Rupert is severely wounded.
Rupert hits Rupert with a +1 vorpal battleaxe!
Rupert hits you with a +1 vorpal battleaxe!!
* * * LOW HITPOINT WARNING * * *
x2 Rupert hits Rupert with a +1 vorpal battleaxe!!
You scratch Rupert but do no damage.
Rupert is severely wounded.
Rupert hits you with a +1 vorpal battleaxe!
* * * LOW HITPOINT WARNING * * *
x2 Rupert hits Rupert with a +1 vorpal battleaxe!! x2
You scratch Rupert.
Rupert is almost dead.
Rupert barely misses Rupert.
You block Rupert's attack.
Rupert hits Rupert with a +1 vorpal battleaxe!!
You block Rupert's attack.
Rupert hits Rupert with a +1 vorpal battleaxe!!
Rupert dies!
Rupert's corpse shimmers and vanishes!
You feel very mighty all of a sudden. You block Rupert's attack.
You mangle Rupert!!
Rupert is almost dead.
Rupert hits you with a +1 vorpal battleaxe.
* * * LOW HITPOINT WARNING * * *
x2
Aiming: Corrosive Bolt
Press: ? - help, Shift-Dir - straight line, f/p - Rupert
Aim: Rupert, wielding a +1 vorpal battleaxe and wearing a +1 leather armour of positive energy (almost dead, berserk, haloed, 82% to hit)
The bolt of acid hits Rupert.
Rupert is almost dead.
Rupert hits you with a +1 vorpal battleaxe!
* * * LOW HITPOINT WARNING * * *
x2 You block Rupert's attack.
Aiming: Corrosive Bolt
Press: ? - help, Shift-Dir - straight line, f/p - Rupert
Aim: Rupert, wielding a +1 vorpal battleaxe and wearing a +1 leather armour of positive energy (almost dead, berserk, haloed, 82% to hit)
The bolt of acid misses Rupert.
Rupert hits you with a +1 vorpal battleaxe!!
You die...

#..........####...........####...
#............)..........^........
#.......#########################
#.......# ♣♣♣♣♣(♣♣♣♣♣ #.♣.♣.♣♣.
#.......#♣♣♣.........♣♣♣#♣.♣.♣.♣.
#.......#.................♣.♣.♣..
#.......# ♣.........♣♣♣#♣.♣.♣.♣.
#.......# ♣♣♣♣♣@♣♣♣♣♣ #.♣.♣.♣♣.
#.......# ###@# ########>
#.......#♣♣♣♣♣...♣♣♣ ##
#.......#♣.♣♣.♣♣♣♣.♣♣ ♣♣#
........#.♣..♣♣...♣.♣♣♣.#
........#♣♣♣.♣♣..♣♣♣.♣.♣#
..#####.# ♣♣....♣ ♣♣.♣♣
#.#...#.######♣♣.♣ ###
#.'...#.#♣≈♣ ♣♣≈.♣♣
#.#...'.#♣≈♣♣♣≈≈≈≈♣♣♣


You could see Rupert (berserk).

Vanquished Creatures
  Josephine (D:10)
  4 hydras
  A death knight (D:12)
  A boulder beetle (D:12)
  4 two-headed ogres
  A fire crab (shapeshifter) (D:12)
  A skeletal warrior (D:12)
  2 orc knights (Bailey)
  Pikel (D:9)
  3 ugly things
  3 manticores (D:12)
  5 cyclopes (D:12)
  5 orange demons (D:11)
  Joseph (D:7)
  A gargoyle (D:12)
  3 unseen horrors
  Maggie (D:6)
  4 kobold demonologists (D:10)
  A tengu conjurer (D:11)
  2 red devils (D:11)
  6 trolls
  A meliai (D:12)
  3 slime creatures (D:12)
  2 shadows
  11 yaks (D:12)
  6 wraiths
  2 vampires (D:12)
  Eustachio (D:5)
  A steam dragon (D:8)
  15 vampire mosquitoes
  2 acid dragons
  Duvessa (D:6)
  A water moccasin (D:5)
  Pargi (D:3)
  An ice beast (D:7)
  2 sky beasts
  16 orc warriors
  2 black bears
  3 ogres
  A phantom (D:6)
  7 centaurs
  3 kobold brigands
  2 bullfrogs
  2 gnoll sergeants
  11 scorpions
  2 wyvern zombies
  Dowan (D:6)
  A water moccasin zombie (D:6)
  22 killer bees
  5 wights (D:8)
  5 howler monkeys
  An electric eel (D:12)
  2 bullfrog zombies
  Crazy Yiuf (D:6)
  4 orc priests
  6 centaur zombies
  A gnoll shaman (D:4)
  2 bullfrog skeletons (D:5)
  7 hounds
  Jessica (D:3)
  An iguana (D:5)
  9 orc wizards
  6 scorpion zombies (Ossuary)
  3 mummies (Ossuary)
  A howler monkey zombie (D:8)
  33 gnolls
  7 adders
  2 ufetubi
  5 worms
  A dart slug (D:4)
  60 orcs
  7 ball pythons
  3 endoplasms
  2 giant cockroaches
  3 gnoll zombies (Ossuary)
  7 goblins
  9 hobgoblins
  16 jackals
  37 kobolds
  3 bats (D:2)
  3 frilled lizards
  3 goblin zombies (Ossuary)
  A hobgoblin zombie (Ossuary)
  A kobold zombie (Ossuary)
  2 orc zombies (Ossuary)
  7 rats
441 creatures vanquished.

Vanquished Creatures (collateral kills)
  A hydra (D:11)
  An orange demon (D:11)
  A red devil (D:11)
3 creatures vanquished.

Vanquished Creatures (others)
  A deep elf pyromancer (D:12)
  35 plants
36 creatures vanquished.

Grand Total: 480 creatures vanquished

Notes
Turn   | Place    | Note
-------+----------+-------------------------------------------
     0 | D:1      | Tirrikindir the Troll Fighter began the quest for the Orb.
     0 | D:1      | Reached XP level 1. HP: 22/22 MP: 0/0
     2 | D:1      | Noticed a vine stalker
     4 | D:1      | Noticed a draconian
     4 | D:1      | Noticed a merfolk
     6 | D:1      | Noticed a felid
     8 | D:1      | Noticed a demigod
     8 | D:1      | Noticed a minotaur
    10 | D:1      | Noticed a demonspawn
    12 | D:1      | Noticed a dwarf
    12 | D:1      | Noticed a naga
    14 | D:1      | Noticed a human
    14 | D:1      | Noticed a formicid
    16 | D:1      | Noticed a ghoul
    18 | D:1      | Noticed a gargoyle
    18 | D:1      | Noticed a spriggan
    20 | D:1      | Noticed an octopode
    20 | D:1      | Noticed a tengu
    22 | D:1      | Noticed a troll
    24 | D:1      | Noticed an ogre
    24 | D:1      | Noticed a vampire
    26 | D:1      | Noticed an elf
   162 | D:1      | Reached XP level 2. HP: 29/29 MP: 1/1
   613 | D:2      | Reached XP level 3. HP: 21/36 MP: 2/2
   859 | D:2      | Found Ophov's Jewellery Shoppe.
  1090 | D:2      | Reached skill level 3 in Unarmed Combat
  1285 | D:2      | Reached XP level 4. HP: 44/44 MP: 3/3
  1312 | D:2      | Found a faded altar of an unknown god.
  1316 | D:2      | Prayed at the altar of an unknown god.
  1316 | D:2      | Became a worshipper of the Shining One
  1316 | D:2      | Reached * piety under the Shining One
  1739 | D:3      | Noticed Pargi
  1747 | D:3      | Killed Pargi
  1748 | D:3      | Reached skill level 1 in Throwing
  1748 | D:3      | Reached XP level 5. HP: 42/52 MP: 4/4
  1932 | D:3      | Noticed a sky beast
  1947 | D:3      | Killed a sky beast
  1948 | D:3      | Reached skill level 4 in Unarmed Combat
  1948 | D:3      | Reached XP level 6. HP: 57/61 MP: 5/5
  2301 | D:3      | Noticed Jessica
  2318 | D:3      | Killed Jessica
  2418 | D:3      | Reached skill level 1 in Armour
  2418 | D:3      | Reached XP level 7. HP: 57/67 MP: 6/6
  2506 | D:3      | Reached skill level 1 in Invocations
  2652 | D:3      | Reached skill level 1 in Evocations
  2755 | D:4      | Reached ** piety under the Shining One
  2824 | D:4      | Reached skill level 5 in Unarmed Combat
  3002 | D:4      | Reached XP level 8. HP: 76/78 MP: 8/8
  3326 | D:5      | Entered Level 5 of the Dungeon
  3498 | D:5      | Noticed Eustachio
  3505 | D:5      | Killed Eustachio
  4298 | D:6      | Reached skill level 6 in Unarmed Combat
  4312 | D:6      | Reached skill level 5 in Fighting
  4333 | D:6      | Reached XP level 9. HP: 81/88 MP: 10/10
  4351 | D:6      | Found a sand-covered staircase.
  4367 | Ossuary  | Entered an ossuary
  4391 | Ossuary  | Reached *** piety under the Shining One
  4529 | Ossuary  | Reached **** piety under the Shining One
  4578 | Ossuary  | Reached skill level 7 in Unarmed Combat
  4737 | D:6      | Found a radiant altar of Vehumet.
  4828 | D:6      | Found a runed translucent door.
  4829 | D:6      | Noticed Crazy Yiuf
  4834 | D:6      | Killed Crazy Yiuf
  4895 | D:6      | Noticed Duvessa
  4910 | D:6      | Killed Duvessa
  4919 | D:6      | Noticed Dowan
  4935 | D:6      | Killed Dowan
  4936 | D:6      | Found a staircase to the Ecumenical Temple.
  5022 | D:6      | Found a runed translucent gate.
  5022 | D:6      | Found a runed translucent gate.
  5024 | D:6      | Found a runed translucent gate.
  5090 | Temple   | Entered the Ecumenical Temple
  5352 | D:6      | Noticed turdburglar's ghost (novice HuFi)
  5386 | D:6      | Noticed Maggie
  5396 | D:6      | Killed Maggie
  5571 | D:7      | Reached skill level 8 in Unarmed Combat
  5571 | D:7      | Reached XP level 10. HP: 98/98 MP: 12/12
  5679 | D:7      | Noticed Joseph
  5694 | D:7      | Killed Joseph
  5916 | D:7      | Reached ***** piety under the Shining One
  5926 | D:7      | Reached skill level 5 in Invocations
  5934 | D:7      | Reached skill level 9 in Unarmed Combat
  6257 | D:8      | Found a staircase to the Lair.
  6482 | D:8      | Reached skill level 10 in Unarmed Combat
  6681 | D:8      | Noticed a seven-headed hydra
  6681 | D:8      | Noticed a two-headed ogre
  6682 | D:8      | Noticed a two-headed ogre
  6688 | D:8      | Killed a two-headed ogre
  6735 | D:8      | Killed a two-headed ogre
  6773 | D:8      | Killed a seven-headed hydra
  6936 | D:8      | Reached XP level 11. HP: 97/107 MP: 13/13
  7079 | D:9      | Noticed Pikel
  7094 | D:9      | Killed Pikel
  7732 | D:9      | Found a staircase to the Orcish Mines.
  7740 | D:9      | Noticed a green ugly thing
  7755 | D:9      | Killed a green ugly thing
  7937 | D:10     | Entered Level 10 of the Dungeon
  8031 | D:10     | Reached skill level 5 in Dodging
  8031 | D:10     | Reached skill level 5 in Shields
  8037 | D:10     | Found a flagged portal.
  8047 | Bailey   | Entered a bailey
  8058 | Bailey   | Noticed an orc knight
  8058 | Bailey   | Noticed an orc knight
  8101 | Bailey   | Killed an orc knight
  8106 | Bailey   | The Shining One protects you from harm!
  8108 | Bailey   | Killed an orc knight
  8679 | D:10     | Reached skill level 11 in Unarmed Combat
  8727 | D:10     | Noticed a soul eater
  9113 | D:10     | Noticed Josephine
  9114 | D:10     | Reached ****** piety under the Shining One
  9128 | D:10     | Killed Josephine
  9129 | D:10     | Reached skill level 5 in Armour
  9129 | D:10     | Reached XP level 12. HP: 118/118 MP: 15/15
  9513 | D:11     | Noticed a six-headed hydra
  9522 | D:11     | Killed a seven-headed hydra
  9984 | D:12     | Noticed a death knight
  9999 | D:12     | Killed a death knight
 10105 | D:12     | Noticed a six-headed hydra
 10118 | D:12     | Killed a six-headed hydra
 10151 | D:12     | Noticed a two-headed ogre
 10159 | D:12     | Killed a two-headed ogre
 10160 | D:12     | Reached skill level 12 in Unarmed Combat
 10160 | D:12     | Reached XP level 13. HP: 98/128 MP: 15/17
 10377 | D:12     | Noticed Rupert
 10382 | D:12     | HP: 1/128 [Rupert/+1 vorpal battleaxe (36)]
 10382 | D:12     | The Shining One protects you from harm!
 10538 | D:12     | Reached skill level 5 in Evocations
 11144 | D:12     | Mangled by Rupert

Illustrated notes

Levels and vault maps discovered:
D:1:      kb_arrival_jail, layout_rooms
D:2:      layout_basic, basic_ecumenical_altar, serial_shops,
          nicolae_shop_hallway_plus, serial_corexii_hall,
          corexii_hall_statues_l, corexii_hall_statues_deadend,
          corexii_hall_statues_i, corexii_hall_statues_l, st_stairs_3,
          chequers_serial_rivers_small_b, minmay_statues_item
D:3:      lemuel_castle_with_subvaults [lemuel_castle_interior_original],
          layout_loops_ring, uniq_jessica, uniq_pargi
D:4:      layout_loops_ring, nicolae_grassy_gnolls
D:5:      layout_gridville, uniq_eustachio
D:6:      layout_cave_pools, nicolae_vehumet_altar_sigil,
          minmay_temple_entry_mist, nicolae_ossuary_entry_monument,
          serial_column_ruins, column_ruins_open_small, column_ruins_open_small,
          column_ruins_open_tiny, column_ruins_corridor_corner,
          column_ruins_grid_1, gammafunk_ghost_icy, uniq_duvessa,
          uniq_crazy_yiuf_cottage, uniq_maggie
D:7:      layout_layer_cave, uniq_joseph
D:8:      minmay_chambers_of_fours, layout_rooms, lair_entry_dummy
D:9:      layout_basic, orc_0_dummy, uniq_pikel
D:10:     layout_stronghold, enter_bailey_1, uniq_josephine
D:11:     layout_roguey, minmay_beelzebubs_servants
D:12:     nzn_winding_woodlands_huge [nzn_winding_woodlands_5x15_river_crossing,
          nzn_winding_woodlands_5x15_garden,
          nzn_winding_woodlands_5x15_sidewinder,
          nzn_winding_woodlands_5x15_zeroes,
          nzn_winding_woodlands_5x15_lazy_stream,
          nzn_winding_woodlands_5x15_crooked,
          nzn_winding_woodlands_5x15_default,
          nzn_winding_woodlands_5x15_split_checker,
          nzn_winding_woodlands_5x15_concentric,
          nzn_winding_woodlands_5x15_longhouse,
          nzn_winding_woodlands_center_lodge,
          nzn_winding_woodlands_center_garden,
          nzn_winding_woodlands_15x15_boxy_spiral], layout_irregular_city,
          uniq_rupert
Temple:   mainiacjoe_temple_archimedes_tessellation

Skill      XL: |  1  2  3  4  5  6  7  8  9 10 11 12 13 |
---------------+----------------------------------------+-----
Unarmed Combat | 3 4 5 6 8 10 11 12 | 12.3
Throwing       | 1 2 |  2.0
Dodging        | 3 4 5 7 |  7.5
Shields        | 3 4 5 7 |  7.5
Fighting       | 3 4 5 6 7 8 |  8.8
Armour         | 1 2 4 5 6 |  6.0
Invocations    | 1 2 4 5 6 7 |  7.0
Evocations     | 1 2 3 4 5 |  5.1
Stealth        | |  0.5

Action                   |  1- 3 |  4- 6 |  7- 9 | 10-12 | 13-15 || total
-------------------------+-------+-------+-------+-------+-------++-------
Melee: Unarmed           |   125 |   114 |   406 |   573 |   174 ||  1392
       Flail             |       |       |       |     7 |    15 ||    22
Throw: Javelin           |       |     1 |       |     8 |       ||     9
       Throwing net      |       |       |       |     3 |       ||     3
       Dart              |       |       |       |    11 |     2 ||    13
       Large rock        |       |       |       |       |     1 ||     1
Invok: Divine Shield     |       |       |       |     1 |     1 ||     2
Evoke: Wand              |       |       |       |    15 |     5 ||    20
       Box of beasts     |       |       |       |     1 |       ||     1
       Phantom mirror    |       |       |       |       |     1 ||     1
  Use: Scroll            |     4 |     1 |     9 |     9 |     3 ||    26
       Potion            |     1 |     2 |     1 |     3 |     1 ||     8
Armor: Robe              |    58 |     6 |       |       |       ||    64
       Troll leather arm |       |    26 |   164 |   233 |    41 ||   464
Dodge: Dodged            |    51 |    41 |   153 |   250 |    52 ||   547
Block: Kite shield       |    58 |    38 |   164 |   521 |   112 ||   893
       Reflection        |       |       |       |    30 |     5 ||    35
